 Dungeon Crawl Stone Soup version 0.31-a0-1591-g515db51633 (webtiles) character file.

Game seed: 5554709929123680213

65 James the Ducker (level 3, 0/19 HPs)
             Began as a Spriggan Fighter on Jan 6, 2024.
             Slain by a cerulean imp
             ... wielding a +1 spear
             ... summoned by Natasha
              (4 damage)
             ... on level 2 of the Dungeon.
             The game lasted 00:04:26 (1650 turns).

James the Ducker (Spriggan Fighter)                 Turns: 1650, Time: 00:04:26

Health: 0/19       AC:  2    Str: 12    XL:     3   Next: 92%
Magic:  13/13      EV: 18    Int:  9    God:
Gold:   34         SH:  5    Dex: 16    Spells: 2/2 levels left

rFire   . . .        b - +1 short sword (elec)
rCold   . . .        c - +0 buckler
rNeg    . . .        j - +0 robe
rPois   .            (helmet restricted)
rElec   .            (no cloak)
rCorr   .            (gloves unavailable)
SInv    +            (boots unavailable)
Will    .....        (no amulet)
Stlth   ++           r - ring of magical power
HPRegen 0.23/turn    (no ring)
MPRegen 0.13/turn

%: no passive effects
@: very quick
A: very small, no large weapons, unfitting armour, see invisible, speed 3
a: no special abilities


You were on level 2 of the Dungeon.
You visited 1 branch of the dungeon, and saw 2 of its levels.

You collected 34 gold pieces.

Inventory:

Hand Weapons
 a - a +0 rapier
 b - a +1 short sword of electrocution (weapon)
   (You took it off a kobold on level 1 of the Dungeon)
 g - a +0 short sword
   (You took it off a kobold on level 1 of the Dungeon)
 h - a +0 dagger
   (You took it off a kobold on level 1 of the Dungeon)
 n - a +0 sling
   (You found it on level 2 of the Dungeon)
Missiles
 i - 12 stones
Armour
 c - a +0 buckler (worn)
 j - a +0 robe (worn)
Jewellery
 r - a ring of magical power (left hand)
   (You found it on level 2 of the Dungeon)
Scrolls
 e - 5 scrolls of identify {unknown}
 l - a scroll of fear {unknown}
 o - a scroll of torment {unknown}
 p - a scroll of teleportation {unknown}
 q - a scroll of fog {unknown}
Potions
 d - a potion of might
 f - 2 potions of curing {unknown}
 k - a potion of haste {unknown}
 m - a potion of cancellation {unknown}


   Skills:
 + Level 2.6 Fighting
 * Level 3.8 Short Blades
 + Level 4.3 Dodging
 + Level 1.4 Stealth
 + Level 2.3 Shields


You had 2 spell levels left.
You didn't know any spells.
Your spell library contained the following spells:

 Spells                   Type           Power      Damage    Failure   Level
 Sting                    Conj/Alch      0%         1d3       50%         1
 Mercury Vapours          Alch/Air       0%         N/A       65%         2
 Static Discharge         Conj/Air       0%         3-3/arc   65%         2
 Airstrike                Air            0%         2d(0-16)  99%         4
 Olgreb's Toxic Radiance  Alch           0%         N/A       99%         4
 Summon Lightning Spire   Summ/Air       0%         N/A       99%         4


Dungeon Overview and Level Annotations

Branches:
Dungeon (2/15)

Altars:

Annotations:
D:2 Natasha, Terence


Innate Abilities, Weirdness & Mutations

You are very small and have problems with some larger weapons.
You are too small for most types of armour.
You have supernaturally acute eyesight. (SInv)
You cover ground extremely quickly. (Speed+++)


Message History

You see here 4 gold pieces.
You now have 27 gold pieces (gained 4).
The bat barely misses you.
A hobgoblin comes into view.
The bat hits you but does no damage.
You hit the bat.
You kill the bat!
The hobgoblin shouts!
No reachable target in view!
The hobgoblin enters a dispersal trap!
You blink.
A giant cockroach comes into view.
The hobgoblin blinks!
You see here 7 gold pieces.
The helpless giant cockroach fails to defend itself.
You hit the giant cockroach.
You kill the giant cockroach!
You see here 7 gold pieces.
The hobgoblin completely misses you.
You hit the hobgoblin.
Lightning courses through the hobgoblin!
You kill the hobgoblin!
You now have 34 gold pieces (gained 7).
You see here a bat corpse.
Found a glowing ruby ring.
r - a ring of magical power You feel your magic capacity increase.
r - a ring of magical power (left hand)
You open the door.
There is an open door here.
There is an open door here.
Natasha, Servant of Life and Death comes into view.
Natasha hisses angrily.
Natasha casts a spell.
You hit Natasha. Natasha misses you. You block the cerulean imp's attack.
You hit Natasha but do no damage.
Natasha mumbles some strange words.
You feel disoriented. Natasha misses you. The cerulean imp misses you.
You hit Natasha. Natasha claws you! The cerulean imp completely misses you.
You hit Natasha. Natasha closely misses you.
The cerulean imp hits you from afar with a +1 spear.
* * * LOW HITPOINT WARNING * * *
You hit Natasha. Natasha barely misses you.
You hit Natasha.
The cerulean imp hits you from afar with a +1 spear.
* * * LOW HITPOINT WARNING * * *
You barely miss Natasha. You block Natasha's attack.
The cerulean imp closely misses you.
The cerulean imp attacks as it pursues you!
The cerulean imp hits you from afar with a +1 spear.
You die...

##### #######
#.....
#.....########.....
#....>.......#.....
#.......###........
#.....#..##.#......
#.5.......#.##.....
#.h.......'........
######
#.@.......#.#......
#..†.#
##........#.#.##...
#....#
#......†.#.#.####.
#....#
#.......)#.#.# #.
#....#
#........#.#.####.
#....#
##........#.#......
#....#
#.........#.#......
#....#
#.####....#.#......
#....# #.#
#.##.#.#......


You could see Natasha and a cerulean imp (summoned).

Vanquished Creatures
  Natasha (D:2)
  A dart slug (D:1)
  4 ball pythons
  3 endoplasms
  2 giant cockroaches
  3 goblins
  3 hobgoblins
  2 jackals (D:1)
  2 quokkas (D:2)
  4 bats
  2 frilled lizards
  5 kobolds
  4 rats (D:1)
36 creatures vanquished.

Notes
Turn   | Place    | Note
-------+----------+-------------------------------------------
     0 | D:1      | James the Spriggan Fighter began the quest for the Orb.
     0 | D:1      | Reached XP level 1. HP: 11/11 MP: 2/2
   112 | D:1      | Reached XP level 2. HP: 16/16 MP: 3/3
   407 | D:1      | Found a faded altar of an unknown god.
  1078 | D:1      | Found a faded altar of an unknown god.
  1339 | D:2      | Reached XP level 3. HP: 19/19 MP: 4/4
  1370 | D:2      | Noticed Terence
  1446 | D:2      | Noticed Natasha
  1449 | D:2      | Killed Natasha
  1450 | D:2      | Reached skill level 1 in Stealth
  1638 | D:2      | Noticed Natasha
  1650 | D:2      | Slain by a cerulean imp

Illustrated notes

Levels and vault maps discovered:
D:1:      minmay_arrival_nine_rooms, layout_basic,
          dilly_ecumenical_altar_fadedgnrine
D:2:      layout_basic, chequers_serial_rivers_small_3, uniq_crazy_yiuf_cottage,
          uniq_terence, uniq_natasha

Skill      XL: |  1  2  3 |
---------------+----------+-----
Short Blades   | 3 |  3.8
Stealth        | 1 |  1.4
Fighting       | |  2.6
Dodging        | |  4.3
Shields        | |  2.3

Action                     || total
---------------------------++-------
  Melee: Rapier            ||    24
         Short sword       ||    62
   Stab: Sleeping          ||     3
 Armour: Robe              ||    20
  Dodge: Dodged            ||    51
  Block: Buckler           ||     8

Table legend: (Time is in decaauts)
 A = Elapsed time spent in this place.
 B = Non-inter-level travel time spent in this place.
 C = Inter-level travel time spent in this place.
 D = Time resting spent in this place.
 E = Time spent auto-exploring this place.
 F = Levels seen in this place.
 G = Mean time per level.
                   A        B        C        D        E       F      G
               +--------+--------+--------+--------+--------+-----+--------+
         Total |   1145 |   1115 |     30 |    117 |    718 |   2 |  572.5 |
       Dungeon |   1145 |   1115 |     30 |    117 |    718 |   2 |  572.5 |
               +--------+--------+--------+--------+--------+-----+--------+

Top non-repeatable levels by time:
     D:1: 871 daAuts
     D:2: 273 daAuts
